 Dungeon Crawl Stone Soup version 0.28-a0-973-ga7f8b01127 (webtiles) character file.

Game seed: 2620054060026067710

5 emperorscorpion the Insei (level 1, 0/17 HPs)
             Began as a Djinni Transmuter on Dec 1, 2021.
             Slain by a goblin (3 damage)
             ... on level 1 of the Dungeon.
             The game lasted 00:00:20 (32 turns).

emperorscorpion the Insei (Djinni Transmuter)         Turns: 32, Time: 00:00:20

Health: 0/17       AC:  2    Str:  9    XL:     1   Next: 88%
Gold:   0          EV: 12    Int: 14    God:
                   SH:  0    Dex: 13

rFire   + + .      SeeInvis .     - Unarmed
rCold   x . .      Faith    .   (no shield)
rNeg    . . .      Spirit   .   a - +0 robe
rPois   ∞          Reflect  .   (no helmet)
rElec   .          Harm     .   (no cloak)
rCorr   .          Rampage  .   (no gloves)
Will    .....                   (boots unavailable)
Stlth   +.........              (no amulet)
HPRegen 0.05/turn               (no ring)
MPRegen 0.00/turn               (no ring)

@: flying
A: sickness immunity, fire resistance 2, cold vulnerability 1, float, innate
caster, hp casting, extra vitality 1
a: no special abilities


You were on level 1 of the Dungeon.
You visited 1 branch of the dungeon, and saw 1 of its levels.

Inventory:

Armour
 a - a +0 robe (worn)


   Skills:
 + Level 1.0 Fighting
 + Level 2.1 Dodging
 + Level 3.2 Unarmed Combat
 + Level 1.8 Spellcasting


You couldn't memorise any spells.
You knew the following spells:

 Your Spells              Type           Power      Damage    Failure   Level
a - Beastly Appendage     Tmut           12%        N/A       12%         1
b - Wereblood             Tmut           6%         N/A       17%         2
c - Spider Form           Tmut/Pois      6%         N/A       34%         3
d - Ice Form              Ice/Tmut       6%         N/A       75%         4
Your spell library was empty.

Dungeon Overview and Level Annotations

Branches:
Dungeon (1/15)

Altars:


Innate Abilities, Weirdness & Mutations

You are immune to sickness and miasma.
You are immune to poison.
Your flesh is very heat resistant. (rF++)
You are vulnerable to cold. (rC-)
You float through the air rather than walking.
You learn spells naturally, not from books.
Your magical power is your life essence.
You have superior vitality. (+4 HP)


Message History

Unknown command.
You closely miss the kobold. The kobold hits you with a +0 dagger.
You closely miss the kobold. The kobold barely misses you.
You closely miss the kobold. The kobold hits you with a +0 dagger.
You barely miss the kobold. You headbutt the kobold.
The kobold is severely wounded.
The kobold hits you with a +0 dagger.
You are too injured to fight recklessly!
You are too injured to fight recklessly!
You closely miss the kobold. You headbutt the kobold.
You kill the kobold!
You hit the hobgoblin but do no damage. Your headbutt misses the hobgoblin.
The hobgoblin hits you.
* * * LOW HITPOINT WARNING * * *
You hit the hobgoblin. Your headbutt misses the hobgoblin.
The hobgoblin is severely wounded.
The hobgoblin hits you but does no damage.
You barely miss the hobgoblin. You headbutt the hobgoblin.
You kill the hobgoblin!
You hit the ball python. Your headbutt misses the ball python.
The ball python is moderately wounded.
Your horns disappear.
The ball python bites you.
* * * LOW HITPOINT WARNING * * *
The ball python closely misses you. x3
You hit the ball python.
The ball python is severely wounded.
The ball python misses you. x2
You closely miss the ball python.
The ball python is severely wounded.
The ball python barely misses you. The ball python completely misses you.
You closely miss the ball python.
The ball python is severely wounded.
The ball python closely misses you. The ball python barely misses you.
You hit the ball python.
You kill the ball python!
You hit the goblin.
The goblin is severely wounded.
The goblin hits you with a +0 club.
You die...

#### #.<#
#.># #.## #.#
##.#
##########..#
.......g@..##
.......#####
.......
......g
.......
.......
.......
.......


You could see a goblin.

Vanquished Creatures
  A ball python (D:1)
  A hobgoblin (D:1)
  A kobold (D:1)
  A quokka (D:1)
4 creatures vanquished.

Notes
Turn   | Place    | Note
-------+----------+-------------------------------------------
     0 | D:1      | emperorscorpion the Djinni Transmuter began the quest for
                  | the Orb.
     0 | D:1      | Reached XP level 1. HP: 17/17 MP: 0/0
    32 | D:1      | Slain by a goblin

Illustrated notes

Levels and vault maps discovered:
D:1:      dpeg_arrival_tiny_a, layout_rooms, serial_shops, shop_fountains, shop

Action                   || total
-------------------------++-------
Melee: Unarmed           ||    20
       Headbutt          ||     3
 Cast: Beastly Appendage ||     1
Armor: Robe              ||     1
Dodge: Dodged            ||    14

Table legend: (Time is in decaauts)
 A = Elapsed time spent in this place.
 B = Non-inter-level travel time spent in this place.
 C = Inter-level travel time spent in this place.
 D = Time resting spent in this place.
 E = Time spent auto-exploring this place.
 F = Levels seen in this place.
 G = Mean time per level.
                   A        B        C        D        E       F      G
               +--------+--------+--------+--------+--------+-----+--------+
         Total |     31 |     31 |      0 |      0 |      7 |   1 |   31.0 |
       Dungeon |     31 |     31 |      0 |      0 |      7 |   1 |   31.0 |
               +--------+--------+--------+--------+--------+-----+--------+

Top non-repeatable levels by time:
     D:1: 31 daAuts
